 Dungeon Crawl Stone Soup version 0.26-a0-1053-gaff5f71418 (webtiles) character file.

Game seed: 399240444649347506

37 RoninTheBarbarian the Ruffian (level 3, -3/36 HPs)
             Began as a Troll Berserker on Dec 13, 2020.
             Was a Follower of Trog.
             Killed from afar by an orc wizard (7 damage)
             ... with a puff of frost
             ... on level 3 of the Dungeon.
             The game lasted 00:34:04 (2074 turns).

RoninTheBarbarian the Ruffian (Troll Berserker)     Turns: 2074, Time: 00:34:04

Health: -3/36      AC:  6    Str: 26    XL:     3   Next: 21%
Magic:  2/2        EV: 10    Int:  3    God:    Trog [*.....]
Gold:   21         SH:  0    Dex:  9    Spells: 2/2 levels left

rFire    . . .     SeeInvis .     - Unarmed
rCold    . . .     Faith    .   (no shield)
rNeg     . . .     Spirit   .   a - +0 animal skin
rPois    .         Reflect  .   (helmet restricted)
rElec    .         Harm     .   (no cloak)
rCorr    .         Rampage  .   (gloves unavailable)
Will     .....                  (boots unavailable)
Stlth    +.........             (no amulet)
HPRegen  0.52/turn              (no ring)
MPRegen  0.08/turn              (no ring)

@: no status effects
A: large, unfitting armour, claws 3, regeneration 1, shaggy fur 1, tough skin 3
a: Berserk, Renounce Religion


You were on level 3 of the Dungeon.
You worshipped Trog.
Trog was aware of your devotion.
You visited 1 branch of the dungeon, and saw 4 of its levels.

You collected 21 gold pieces.

Inventory:

Hand Weapons
 l - a +0 short sword
 o - a +0 short sword
 q - a +0 club
 u - a +0 club
Missiles
 j - 14 bolts
 m - 26 sling bullets
 n - 16 stones
 p - 16 poisoned darts
Armour
 a - a +0 animal skin (worn)
 i - a +0 pair of gloves
 k - a cursed +0 robe
Jewellery
 c - an uncursed ring of stealth {unknown}
 r - an uncursed ring of wizardry {unknown}
Scrolls
 b - a scroll of enchant weapon {unknown}
 f - 3 scrolls of magic mapping {unknown}
 g - a scroll of enchant armour {unknown}
 h - 3 scrolls of identify {unknown}
 s - a scroll of remove curse {unknown}
 v - a scroll of noise {unknown}
Potions
 d - 2 potions of curing {unknown}
 e - a potion of attraction {unknown}
 t - 2 potions of ambrosia {unknown}


   Skills:
 + Level 2.8 Fighting
 + Level 2.8 Dodging
 + Level 3.5 Unarmed Combat


You had 2 spell levels left.
You didn't know any spells.
Your spell library was empty.

Dungeon Overview and Level Annotations

Branches:
Dungeon (4/15)
 Temple: D:4-7

Altars:


Innate Abilities, Weirdness & Mutations

You are too large for most types of armour.
You have claws for hands.
Your natural rate of healing is unusually fast.
You are covered in fur. (AC +1)
You have extremely tough skin. (AC +3)


Message History

Something completely misses you.
You scratch the giant cockroach but do no damage.
An orc wizard appears from thin air!
Reactivating autopickup.
The giant cockroach bites you but does no damage.
The orc wizard hits you but does no damage.
The giant cockroach bites you but does no damage.
You claw the giant cockroach!
You kill the giant cockroach!
Trog accepts your kill.
The orc wizard hits you but does no damage. x2
You claw the orc!
You kill the orc!
Trog accepts your kill.
The orc wizard hits you with a +0 dagger.
* * * LOW HITPOINT WARNING * * *
The orc wizard is no longer moving quickly.
The orc wizard points at you and mumbles some strange words.
The puff of frost hits you!
You die...

#..........#
#.......)..#
#..........#
#.......?..#
##........##
##.......##
# #######..#
.# ##l##.#
##@o..#
#.....#
#...#.#
#...#...
..... ....
[...... ###
##.....=#
#.......
#.###?#(#


You could see an orc wizard and a frilled lizard.

Vanquished Creatures
  An adder (D:3)
  A worm (D:3)
  A dart slug (D:1)
  A leopard gecko (D:1)
  2 orcs (D:3)
  4 giant cockroaches
  A goblin (D:1)
  2 hobgoblins
  2 bats (D:1)
  2 kobolds
  4 rats
21 creatures vanquished.

Vanquished Creatures (others)
  7 plants (D:1)
7 creatures vanquished.

Grand Total: 28 creatures vanquished

Notes
Turn   | Place    | Note
-------+----------+-------------------------------------------
     0 | D:1      | RoninTheBarbarian the Troll Berserker began the quest for
                  | the Orb.
     0 | D:1      | Reached XP level 1. HP: 22/22 MP: 0/0
  1581 | D:1      | Reached XP level 2. HP: 29/29 MP: 1/1
  2061 | D:3      | HP: 1/29 [giant cockroach (2)]
  2065 | D:3      | Reached XP level 3. HP: 3/36 MP: 2/2
  2074 | D:3      | Killed from afar by an orc wizard

Illustrated notes

Levels and vault maps discovered:
D:1:      nagdon_arrival_double_spiral, layout_loops_corners, patterned_corridor
D:2:      layout_loops_cross, minmay_door_square,
          hangedman_decor_clover_reticule, nicolae_dithmenos_shadow_blocks
D:3:      layout_rooms, general_overflow_altar
D:4:      layout_gridville, minmay_temple_entry_ruins,
          chequers_serial_rivers_room_a, chequers_serial_rivers_room_b,
          grunt_ministairs_1, chequers_serial_rivers_room_b, uniq_grinder

Action                   || total
-------------------------++-------
Melee: Unarmed           ||    74
       Punch             ||     2
Invok: Berserk           ||     2
 Stab: Sleeping          ||     1
Armor: Animal skin       ||    43
Dodge: Dodged            ||    56

Table legend: (Time is in decaauts)
 A = Elapsed time spent in this place.
 B = Non-inter-level travel time spent in this place.
 C = Inter-level travel time spent in this place.
 D = Time resting spent in this place.
 E = Time spent auto-exploring this place.
 F = Levels seen in this place.
 G = Mean time per level.
                   A        B        C        D        E       F      G
               +--------+--------+--------+--------+--------+-----+--------+
         Total |   2093 |    477 |   1616 |    166 |     11 |   4 |  523.2 |
       Dungeon |   2093 |    477 |   1616 |    166 |     11 |   4 |  523.2 |
               +--------+--------+--------+--------+--------+-----+--------+

Top non-repeatable levels by time:
     D:1: 2041 daAuts
     D:3: 43 daAuts
     D:2: 6 daAuts
     D:4: 1 daAuts
